 Dungeon Crawl Stone Soup version 0.32-a0-665-g3d30ec2550 (webtiles) character file.

Game seed: 1953906434379867271

2243749 Charly the Conqueror (level 27, 73/273 HPs)
             Began as a Mountain Dwarf Fighter on Mar 7, 2024.
             Was a High Priest of Okawaru.
             Escaped with the Orb
             ... and 4 runes on Mar 9, 2024!
             The game lasted 03:45:04 (79400 turns).

Charly the Conqueror (Mountain Dwarf Fighter)      Turns: 79400, Time: 03:45:05

Health: 73/273     AC: 45    Str: 32      XL:     27
Magic:  31/34      EV: 26    Int: 13 (15) God:    Okawaru [*****.]
Gold:   7803       SH: 31    Dex: 19      Spells: 26/26 levels left

rFire   + + +        a - +6 broad axe of the Shore {speed, Int+4}
rCold   + + .        Z - +5 kite shield of Beyond {rF+}
rNeg    + . .        r - +10 storm dragon scales {Bai Suzhen}
rPois   +            d - +2 helmet of Kimusok {rElec Will+ Str-3 Dex+6}
rElec   +            U - +1 cloak of Starlight {*Dazzle EV+4 Stlth--}
rCorr   +            A - +2 pair of gloves "Wulopn" {Str+3}
SInv    .            F - +2 pair of boots of Yremmod {rF+ Str-3 Int+3 Stlth+}
Will    +++..        R - amulet of Jieriniyk {Reflect ^Contam rF+ rCorr SH+5} Stlth
                     c - ring of the Final Decision {rPois rC+ Str+6 Int-3 Dex+4}
HPRegen 0.65/turn    V - ring "Ebiexyebb" {rC+ rN+ Slay+6}
MPRegen 0.24/turn

%: reflection
@: finesse-ful, slowed, studying 2 skills, very slow
A: runic magic, artefact enchanting, talons 1, large bone plates 1, weak 1, wild
magic 1
0: Orb of Zot
}: 4/15 runes: decaying, slimy, silver, gossamer
a: Renounce Religion, Heroism, Finesse, Duel


You escaped.
You worshipped Okawaru.
Okawaru was extremely pleased with you.
You visited 12 branches of the dungeon, and saw 56 of its levels.
You visited the Abyss 1 time.
You also visited: Trove, Bailey, Ice Cave, Wizlab and Desolation.

You collected 14584 gold pieces.
You spent 6781 gold pieces at shops.

Inventory:

Hand Weapons
 a - the +6 broad axe of the Shore (weapon) {speed, Int+4}
   (You found it in a treasure trove)

   Int+4:     It affects your intelligence (+4).
 b - a +8 vampiric broad axe
Missiles
 D - 19 silver javelins
 J - 2 throwing nets
Armour
 d - the +2 helmet of Kimusok (worn) {rElec Will+ Str-3 Dex+6}
   (You acquired it on level 11 of the Dungeon)

   Str-3:     It affects your strength (-3).
   Dex+6:     It affects your dexterity (+6).
   rElec:     It insulates you from electricity.
   Will+:     It increases your willpower.
 r - +10 storm dragon scales (worn) {Bai Suzhen}
 A - the +2 pair of gloves "Wulopn" (worn) {Str+3}
   (You acquired it on level 5 of the Pits of Slime)

   Str+3:     It affects your strength (+3).
 F - the +2 pair of boots of Yremmod (worn) {rF+ Str-3 Int+3 Stlth+}
   (You found it on level 3 of the Vaults)

   Str-3:     It affects your strength (-3).
   Int+3:     It affects your intelligence (+3).
   rF+:       It protects you from fire.
   Stlth+:    It makes you more stealthy.
 U - the +1 cloak of Starlight (worn) {*Dazzle EV+4 Stlth--}
   (You found it in the Desolation of Salt)

   *Dazzle:   It may blind those who miss an attack against the wearer in melee
   combat.
   EV+4:      It affects your evasion (+4).
   Stlth--:   It makes you much less stealthy.
 Z - the +5 kite shield of Beyond (worn) {rF+}
   (Okawaru gifted it to you on level 2 of the Elven Halls)

   rF+:       It protects you from fire.
Jewellery
 c - the ring of the Final Decision (left hand) {rPois rC+ Str+6 Int-3 Dex+4}
   (You found it on level 5 of the Pits of Slime)

   [ring of protection from cold]

   Str+6:     It affects your strength (+6).
   Int-3:     It affects your intelligence (-3).
   Dex+4:     It affects your dexterity (+4).
   rC+:       It protects you from cold.
   rPois:     It protects you from poison.
 f - the ring of Ijuegeent {rF+ Str+6 Int+3 Stlth-}
   (You found it in the Desolation of Salt)

   [ring of protection from fire]

   Str+6:     It affects your strength (+6).
   Int+3:     It affects your intelligence (+3).
   rF+:       It protects you from fire.
   Stlth-:    It makes you less stealthy.
 i - a ring of see invisible
 m - the ring "Zodet" {+Blink Will+ Dex+2}
   (You took it off a servant of whispers in the Desolation of Salt)

   [ring of willpower]

   Dex+2:     It affects your dexterity (+2).
   Will+:     It increases your willpower.
   +Blink:    It lets you blink.
 n - the ring "Neiradou" {rElec rPois rN+ MP-9 Dex+5}
   (You found it in the Desolation of Salt)

   [ring of positive energy]

   Dex+5:     It affects your dexterity (+5).
   rElec:     It insulates you from electricity.
   rPois:     It protects you from poison.
   rN+:       It protects you from negative energy.
   MP-9:      It affects your magic capacity (-9).
 q - the brooch of Shielding {Spirit SH+8}
   (You found it on level 5 of the Vaults)

   [amulet of guardian spirit]

   Spirit:    It causes incoming damage to be divided between your reserves of
   health and magic.
   SH+8:      It affects your SH (+8).
 R - the amulet of Jieriniyk (around neck) {Reflect ^Contam rF+ rCorr SH+5}
   (You found it in an ice cave)

   [amulet of reflection]

   Reflect:   It reflects blocked missile attacks.
   rF+:       It protects you from fire.
   ^Contam:   It causes magical contamination when unequipped.
   rCorr:     It protects you from acid and corrosion.
   SH+5:      It affects your SH (+5).
 V - the ring "Ebiexyebb" (right hand) {rC+ rN+ Slay+6}
   (You found it on level 3 of the Realm of Zot)

   [ring of protection from cold]

   Slay+6:    It affects your accuracy & damage with ranged weapons and melee
   (+6).
   rC+:       It protects you from cold.
   rN+:       It protects you from negative energy.
Wands
 C - a wand of mindburst (27)
 E - a wand of warping (85)
 H - a wand of light (31) (quivered)
 I - a wand of flame (121)
 M - a wand of paralysis (59)
 P - a wand of digging (16)
 T - a wand of polymorph (16)
Scrolls
 h - 33 scrolls of teleportation
 j - 13 scrolls of poison
 k - 14 scrolls of blinking
 l - 2 scrolls of revelation
 p - 11 scrolls of vulnerability
 z - 10 scrolls of immolation
 K - 2 scrolls of silence
 N - a scroll of brand weapon
 O - 8 scrolls of fog
 Y - 21 scrolls of fear
Potions
 e - 34 potions of curing
 g - 11 potions of attraction
 o - 18 potions of heal wounds
 s - 16 potions of mutation
 t - 14 potions of haste
 u - 6 potions of invisibility
 v - 16 potions of might
 x - 10 potions of resistance
 y - 2 potions of enlightenment
 B - 8 potions of lignification
 G - 5 potions of magic
 L - 2 potions of berserk rage
 Q - 9 potions of cancellation
 X - 7 potions of ambrosia
Miscellaneous
 w - a tin of tremorstones (2/2)
 S - a phial of floods
 W - a lightning rod (4/4)


   Skills:
 O Level 27 Fighting
 - Level 22.0 Axes
 - Level 22.0 Armour
 + Level 20.1 Dodging
 - Level 22.0 Shields
 - Level 15.0 Invocations
 + Level 21.1 Evocations


You had 26 spell levels left.
You didn't know any spells.
Your spell library contained the following spells:

 Spells                   Type           Power      Damage    Failure   Level
 Apportation              Tloc           0%         N/A       50%         1
 Freeze                   Ice            0%         1d3       50%         1
 Kiss of Death            Conj/Necr      0%         2d5       50%         1
 Necrotise                Necr           0%         1d4       50%         1
 Shock                    Conj/Air       0%         1d3       50%         1
 Slow                     Hex            0%         N/A       50%         1
 Sting                    Conj/Alch      0%         1d3       50%         1
 Blink                    Tloc           0%         N/A       63%         2
 Cigotuvi's Dreadful Rot  Necr/Alch/Air  0%         N/A       63%         2
 Ensorcelled Hibernation  Hex/Ice        0%         N/A       63%         2
 Lesser Beckoning         Tloc           0%         N/A       63%         2
 Mercury Vapours          Alch/Air       0%         N/A       63%         2
 Momentum Strike          Conj/Tloc      0%         3d8       63%         2
 Confusing Touch          Hex            0%         N/A       85%         3
 Dazzling Flash           Conj/Hex       0%         N/A       85%         3
 Frozen Ramparts          Ice            0%         1d1       85%         3
 Fugue of the Fallen      Necr           0%         N/A       85%         3
 Gell's Gravitas          Tloc           0%         N/A       85%         3
 Hailstorm                Conj/Ice       0%         3d5       85%         3
 Inner Flame              Hex/Fire       0%         N/A       85%         3
 Mephitic Cloud           Conj/Alch/Air  0%         N/A       85%         3
 Ozocubu's Armour         Ice            0%         N/A       85%         3
 Passwall                 Erth           0%         N/A       85%         3
 Sigil of Binding         Hex            0%         N/A       85%         3
 Stone Arrow              Conj/Erth      0%         3d7       85%         3
 Swiftness                Air            0%         N/A       85%         3
 Teleport Other           Tloc           0%         N/A       85%         3
 Vampiric Draining        Necr           0%         2d6       85%         3
 Volatile Blastmotes      Fire/Tloc      0%         2d10      85%         3
 Anguish                  Hex/Necr       0%         N/A       99%         4
 Cause Fear               Hex            0%         N/A       99%         4
 Dispel Undead            Necr           0%         3d6       99%         4
 Fulminant Prism          Conj/Alch      0%         3d5       99%         4
 Ignite Poison            Fire/Alch      0%         N/A       99%         4
 Iskenderun's Mystic Bla  Conj/Tloc      0%         2d3       99%         4
 Leda's Liquefaction      Alch/Erth      0%         N/A       99%         4
 Olgreb's Toxic Radiance  Alch           0%         N/A       99%         4
 Passage of Golubria      Tloc           0%         N/A       99%         4
 Petrify                  Alch/Erth      0%         N/A       99%         4
 Sticky Flame             Fire/Alch      0%         2d4       99%         4
 Curse of Agony           Necr           0%         N/A       100%        5
 Fireball                 Conj/Fire      0%         3d3       100%        5
 Freezing Cloud           Conj/Ice/Air   0%         6-21      100%        5
 Irradiate                Conj/Alch      0%         3d11      100%        5
 Iskenderun's Battlesphe  Conj           0%         2d6       100%        5
 Lee's Rapid Deconstruct  Erth           0%         3d4*      100%        5
 Metabolic Englaciation   Hex/Ice        0%         N/A       100%        5
 Silence                  Hex/Air        0%         N/A       100%        5
 Yara's Violent Unravell  Hex/Alch       0%         3d3       100%        5
 Bombard                  Conj/Erth      0%         9d1       100%        6
 Conjure Ball Lightning   Conj/Air       0%         3x3d6     100%        6
 Dispersal                Tloc           0%         N/A       100%        6
 Starburst                Conj/Fire      0%         6d3       100%        6
 Enfeeble                 Hex            0%         N/A       100%        7
 Orb of Destruction       Conj           0%         9d5       100%        7
 Ozocubu's Refrigeration  Ice            0%         4d7       100%        7
 Discord                  Hex            0%         N/A       100%        8
 Disjunction              Tloc           0%         N/A       100%        8
 Ignition                 Fire           0%         3d3       100%        8
 Lehudib's Crystal Spear  Conj/Erth      0%         10d2      100%        8
 Maxwell's Capacitive Co  Air            0%         ∞         100%        8
 Fire Storm               Conj/Fire      0%         5d1       100%        9
 Polar Vortex             Ice            0%         N/A       100%        9
 Summon Small Mammal      Summ           Unusable   N/A       N/A         1
 Tukima's Dance           Hex            Unusable   N/A       N/A         3
 Animate Armour           Summ/Erth      Unusable   N/A       N/A         4
 Martyr's Knell           Necr/Summ      Unusable   N/A       N/A         4
 Summon Blazeheart Golem  Fire/Summ      Unusable   N/A       N/A         4
 Sculpt Simulacrum        Ice/Alch       Unusable   N/A       N/A         6
 Spellforged Servitor     Conj/Summ      Unusable   N/A       N/A         7

Dungeon Overview and Level Annotations

Branches:
Dungeon (15/15)            Temple (1/1) D:6            Lair (5/5) D:11
  Swamp (4/4) Lair:2       Spider (4/4) Lair:2        Slime (5/5) Lair:5
    Orc (2/2) D:9             Elf (3/3) Orc:2        Vaults (5/5) D:13
  Crypt (3/3) Vaults:3       Tomb (0/3) Crypt:3      Depths (4/4) D:15
    Zot (5/5) Depths:4     Bailey (visited)           IceCv (visited)
 WizLab (visited)         Desolation (visited)

Altars:
Ashenzari
Cheibriados
Dithmenos
Elyvilon
Fedhas
Gozag
Hepliaklqana
Kikubaaqudgha
Makhleb
Nemelex Xobeh
Okawaru
Qazlal
Ru
Sif Muna
Trog
Uskayaw
Vehumet
Wu Jian
Xom
Yredelemnul
Zin
The Shining One
Jiyva

Shops:
D:3 =   D:9 (   D:11 =(=!   Orc:1 ?   Orc:2 !?[*   Elf:1 [!!   Elf:3 ?
Vaults:1 (   Vaults:5 [   Depths:3 !!?

Portals:
Hell: Depths:1 Depths:2 Depths:3 Depths:4
Abyss: Depths:2 Depths:3
Pandemonium: Depths:1 Depths:2 Depths:4
Ziggurat: Depths:3


Innate Abilities, Weirdness & Mutations

Your spellcasting is much less encumbered by armour.
You can use scrolls of enchantment on lesser artefacts.
You have sharp toenails.
You are partially covered in large bone plates. (SH +4)
You are weak. (Str -2)
Your spells are a little harder to cast, but a little more powerful.


Message History

Okawaru accepts your kill. The balrug gestures at you. Makhleb smites you!
* * * LOW HITPOINT WARNING * * *
The demonspawn blood saint calls on the powers of chaos!
The balrug seems to speed up.
The balrug gestures at you.
You block the pyre arrow... and reflect it back!
The pyre arrow hits the demonspawn blood saint.
You block the demonspawn blood saint's attack.
The balrug misses you.
The balrug's vision is obscured by starry radiance!
You barely miss the demonspawn blood saint.
You slice the balrug!!
The demonspawn blood saint hits you but does no damage.
You block the balrug's attack.
You slice the demonspawn blood saint!!
The demonspawn blood saint is moderately wounded.
You slice the balrug!! You slice the demonspawn blood saint!!
The demonspawn blood saint is heavily wounded.
You catch the helpless balrug completely off-guard!
You slice the balrug!!
You kill the balrug!
Okawaru accepts your kill.
You slash the demonspawn blood saint!
The demonspawn blood saint is severely wounded.
The demonspawn blood saint hits you but does no damage.
You open the demonspawn blood saint like a pillowcase!!!
You kill the demonspawn blood saint!
Okawaru accepts your kill.
Things that are here:
a +0 dagger; a +0 robe
Aiming: Dig
Press: ? - help, Shift-Dir - straight line, f - you Please select a direction to dig.
This square is covered in magical glow.
The rock shatters into small pieces.
There is a staircase leading out of the dungeon here.
You have escaped!

...........##.#..................
#.....#....##........#...........
#..#.###########.....#.##........
#..#.#####ß####..................
.....##~~~~~~~###..).............
#..###~#######~###.).............
...##~##~~~~ß#~ß##...............
...#~##~###~##~##................
...#~#~~#ß#~#~##@#...............
..##~#~#~~~~#~#~~#..#...#.....#..
..#ß~#~#~#ß#~~.~##..#...##.......
..##~#~#~###~.#~#..##...##.......
..[#~#~##~~~.#~##.........÷......
..##~##~###.#~##~#.......#.......
#.###~##~~~~~##.##.......#...##..
#.# ##~#######~##........+.......
#.# ##~~~~~~~###..##....#.......


There were no monsters in sight!

Vanquished Creatures
  the Royal Jelly (Slime:5)
  The ghost of Xorhejoo the Cryomancer, a master OnAl of Vehumet (Zot:3)
  3 ancient liches
  A pandemonium lord (D:4)
  Khufu (Crypt:1)
  3 dread liches
  The ghost of Sofait the Black Belt, a legendary GnFE of Okawaru (Zot:3)
  5 orbs of fire
  3 royal mummies
  Xtahua (Crypt:1)
  The ghost of Gith the Severer, a veteran MeFi of Okawaru (Crypt:2)
  Bai Suzhen (Spider:3)
  11 Killer Klowns
  Saint Roka (Arena)
  4 curse toes
  13 golden dragons
  the Enchantress (Depths:4)
  A bone dragon (Crypt:3)
  A profane servitor (Crypt:3)
  A mutant beast (WizLab)
  Arachne (Spider:3)
  2 doom hounds (Zot:3)
  The ghost of Jain the Acrobat, an adept MiFi of Okawaru (Swamp:4)
  3 electric golems
  A shard shrike zombie (Crypt:1)
  23 tentacled monstrosities
  An Ice Fiend (D:1)
  Zenata (Vaults:1)
  2 liches
  A walking earthen tome (Depths:3)
  32 Orb Guardians
  Asterion (Depths:1)
  A Hell Sentinel (D:14)
  7 quicksilver dragons
  4 titans
  3 deep elf blademasters
  8 sphinxes
  Grunn (Zot:3)
  21 acid blobs
  2 deep elf master archers (Elf:3)
  A tentacled starspawn (Abyss:4)
  10 death cobs
  3 ancient champions
  2 Executioners (Zot:1)
  Frances (Spider:2)
  11 shadow dragons
  A thorn hunter (Swamp:4)
  17 storm dragons
  Agnes (D:15)
  A revenant (Crypt:3)
  Donald (Swamp:2)
  3 tengu reavers
  Aizul (Swamp:3)
  6 protean progenitors
  4 fenstrider witches
  6 fire giants
  5 deep elf sorcerers
  18 rockslimes
  9 draconian knights
  10 azure jellies
  7 frost giants
  6 draconian monks
  4 emperor scorpions
  2 ghost moths
  An iron dragon (Zot:3)
  3 draconian shifters
  12 draconian scorchers
  A juggernaut zombie (Depths:2)
  23 vault wardens
  3 curse skulls
  2 imperial myrmidons (Desolation)
  4 balrugs
  An orc warlord (Vaults:4)
  8 ghouls
  3 spriggan defenders (Depths:4)
  13 draconian annihilators
  20 ironbound preservers
  5 deep elf elementalists (Elf:3)
  A reaper (D:4)
  The ghost of Zenatt the Brawler, a journeyman TrFi of Ashenzari (Lair:4)
  Louise (D:15)
  2 cacodemons
  A formless jellyfish (Slime:5)
  3 angels
  4 draconian stormcallers
  16 quicksilver oozes
  32 very ugly things
  3 broodmothers
  A demonspawn blood saint (D:1)
  4 vampire knights
  7 eleionomae
  12 green draconians
  Nessos (Lair:5)
  8 ironbound thunderhulks
  14 stone giants
  8 deep elf demonologists
  2 halazid warlocks (Desolation)
  9 black draconians
  A demonspawn black sun (Depths:1)
  7 white draconians
  2 lorocyprocas
  8 deep elf annihilators
  7 deep elf death magi
  18 red draconians
  11 purple draconians
  13 dire elephants
  11 yellow draconians
  8 spark wasps
  2 eidola (Vaults:2)
  14 ettins
  2 war gargoyles (Vaults:5)
  7 bunyips
  7 blizzard demons
  2 green deaths
  A merfolk javelineer (Depths:1)
  Josephine (D:15)
  12 fire dragons
  4 ragged hierophants (Desolation)
  2 mummy priests (Crypt:3)
  17 jiangshi
  14 yaktaur captains
  7 entropy weavers
  A spriggan zombie (Crypt:3)
  6 deep elf high priests
  12 ice dragons
  2 rakshasas (Depths:2)
  13 servants of whispers (Desolation)
  11 great orbs of eyes
  A juggernaut simulacrum (Depths:1)
  9 peacekeepers
  41 vault guards
  13 hydras
  A hell beast (Swamp:4)
  13 alligators
  7 ogre magi
  2 sphinx zombies (Depths:2)
  5 jorogumos
  3 catoblepae
  4 ghost crabs
  5 spriggan air magi
  A bennu zombie (Crypt:2)
  10 ironbound frosthearts
  5 radroaches
  2 centaur warriors
  A two-headed ogre (shapeshifter) (Depths:1)
  3 death knights
  26 dancing weapons
  14 two-headed ogres
  Erica (Orc:1)
  8 boulder beetles
  6 death yaks
  10 deep troll earth magi
  A death scarab (Spider:4)
  3 tengu warriors
  2 spriggan berserkers
  4 vampire magi
  7 demonic crawlers
  Urug (D:10)
  A hell hog (Lair:5)
  5 deep troll shamans
  2 orc high priests (Vaults:1)
  A sun demon (Depths:2)
  14 deep elf knights
  16 hell knights
  A soul eater (Crypt:1)
  Nergalle (Lair:3)
  32 skeletal warriors
  2 skysharks (shapeshifter) (WizLab)
  13 iron trolls
  2 skysharks (Lair:5)
  10 goliath frogs
  2 deep trolls (shapeshifter) (WizLab)
  8 sixfirhies
  54 deep trolls
  2 sea snakes (shapeshifter)
  3 shadow wraiths
  5 pharaoh ants
  3 glowing orange brains
  9 large abominations
  A shadow dragon zombie (Crypt:1)
  A death drake (shapeshifter) (WizLab)
  2 mana vipers (shapeshifter)
  A swamp dragon (shapeshifter) (WizLab)
  8 spriggan druids
  A shadow demon (D:4)
  10 arcanists
  4 sun moths
  2 orange crystal statues (IceCv)
  10 orb spiders (Spider:4)
  A sun moth (shapeshifter) (WizLab)
  7 steelbarb worms
  10 phantasmal warriors
  8 lindwurms
  6 swamp dragons
  10 bog bodies
  A golden dragon skeleton (Depths:2)
  4 flayed ghosts
  A lindwurm (shapeshifter) (WizLab)
  An obsidian statue (Zot:5)
  Pikel (D:7)
  13 deep elf archers
  23 ironbound convokers
  2 oklob plants (D:11)
  14 necromancers
  4 orc knights
  4 thermic dynamos (Elf:2)
  A steelbarb worm (shapeshifter) (Vaults:5)
  6 orc sorcerers
  4 iron dragon zombies
  9 cyclopes
  24 deep elf zephyrmancers
  A sphinx simulacrum (Depths:1)
  A shining eye (shapeshifter) (WizLab)
  30 ugly things
  A fire giant zombie (Depths:1)
  A draconian zombie (Crypt:1)
  34 deep elf pyromancers
  23 wolf spiders
  7 shining eyes
  4 fauns
  A stone giant zombie (Depths:1)
  14 elephants
  6 manticores
  4 will-o-the-wisps
  29 moths of wrath
  A rust devil (Depths:4)
  A naga zombie (Crypt:1)
  10 meliai
  6 black mambas
  2 elephants (shapeshifter) (WizLab)
  3 guardian serpents (Desolation)
  5 kobold blastminers (Orc:2)
  3 fire giant skeletons (Depths:3)
  A guardian serpent (shapeshifter) (WizLab)
  A stone giant skeleton (Depths:2)
  18 vault sentinels
  A smoke demon (Swamp:4)
  3 eyes of devastation
  A torpor snail (shapeshifter) (WizLab)
  A water nymph (shapeshifter) (Vaults:5)
  4 orange demons
  2 eyes of devastation (shapeshifter) (WizLab)
  9 torpor snails
  A black mamba (shapeshifter) (Elf:2)
  12 cane toads
  A molten gargoyle (Desolation)
  2 gargoyles
  35 yaktaurs
  2 unseen horrors
  Maggie (D:7)
  3 kobold demonologists
  A dire elephant skeleton (Crypt:2)
  2 rime drakes
  11 komodo dragons
  2 efreet
  11 freezing wraiths
  An iron troll zombie (Crypt:2)
  A golden dragon simulacrum (Depths:1)
  A centaur skeleton (Crypt:3)
  A merfolk (shapeshifter) (Depths:3)
  2 tengu conjurers
  A merfolk (Spider:3)
  9 guardian mummies
  A troll (shapeshifter) (Elf:2)
  A hydra zombie (Crypt:2)
  A komodo dragon (shapeshifter) (WizLab)
  4 trolls
  13 polar bears
  13 tyrant leeches
  3 hellwings
  A shadow dragon simulacrum (Depths:2)
  An elf simulacrum (Vaults:2)
  5 hornets
  57 saltlings (Desolation)
  25 tarantellas
  21 blink frogs
  Prince Ribbit (Bailey)
  A harpy skeleton (Crypt:1)
  3 raiju (Lair:5)
  18 dream sheep
  5 dream sheep (shapeshifter)
  A glass eye (shapeshifter) (Vaults:5)
  9 glass eyes
  A radroach zombie (Crypt:1)
  28 jumping spiders
  52 slime creatures
  A spriggan (shapeshifter) (Elf:3)
  15 culicivoras
  9 water elementals
  7 spriggans
  3 air elementals (Elf:3)
  A naga simulacrum (Crypt:3)
  7 wyverns
  3 shadows (Crypt:3)
  A vampire (D:13)
  2 yaks (shapeshifter)
  19 fire elementals
  53 yaks
  A black mamba skeleton (Crypt:1)
  9 wraiths
  8 golden eyes (Slime:5)
  A spriggan simulacrum (Depths:2)
  22 humans
  6 basilisks
  8 wargs
  17 vampire mosquitoes
  59 redbacks
  4 chaos spawn (Swamp:4)
  A redback (shapeshifter) (WizLab)
  4 steam dragons
  An acid dragon (D:8)
  A cane toad zombie (Crypt:1)
  A glowing shapeshifter skeleton (Depths:2)
  Menkaure (D:5)
  2 swamp worms (shapeshifter)
  16 water moccasins
  An iron golem (WizLab)
  21 swamp worms
  A water moccasin (shapeshifter) (D:9)
  4 great orb of eyes simulacra (IceCv)
  15 hell hounds
  Duvessa (D:7)
  3 ice beasts
  4 swamp drakes
  A sky beast (D:7)
  40 orc warriors
  9 small abominations
  27 laughing skulls
  11 black bears (Lair:5)
  27 wolves
  4 ogres
  2 tengu (shapeshifter)
  A swamp dragon skeleton (Crypt:3)
  A lemure (D:7)
  A manticore skeleton (Crypt:2)
  17 centaurs
  3 slime creature simulacra (IceCv)
  A phantom (D:6)
  5 kobold brigands
  3 weeping skulls
  2 earth elementals (Elf:3)
  2 scorpions
  22 bullfrogs
  4 glowing shapeshifter simulacra
  A water moccasin zombie (D:5)
  A yaktaur skeleton (Crypt:1)
  11 wights
  5 burial acolytes
  Dowan (D:7)
  A wyvern skeleton (Crypt:1)
  A shapeshifter zombie (Crypt:1)
  9 howler monkeys
  4 electric eels
  A bullfrog zombie (D:5)
  2 hounds
  2 jellies
  19 orc priests
  4 bombardier beetles
  2 human zombies
  A sleepcap (D:5)
  3 iguanas
  26 orc wizards
  A killer bee zombie (D:5)
  A boggart skeleton (Crypt:2)
  A hound zombie (D:5)
  13 mummies
  21 gnolls
  10 adders
  5 shadow imps
  4 ufetubi
  3 adder zombies (D:7)
  A dart slug (D:3)
  A ribbon worm (D:2)
  65 orcs
  A bat zombie (Crypt:2)
  6 endoplasms
  3 giant cockroaches
  3 goblins
  9 hobgoblins
  A quokka (D:1)
  5 ball pythons
  6 bats
  2 frilled lizards
  2 gnoll zombies (D:7)
  A jackal zombie (Crypt:2)
  14 kobolds
  2 kobold zombies (D:7)
  4 rats
  2 spectral weapons (Depths:1)
  A starspawn tentacle (Abyss:4)
2733 creatures vanquished.

Vanquished Creatures (others)
  An ancient lich (Zot:3)
  A protean progenitor (Zot:5)
  A storm dragon (Zot:4)
  A deep elf elementalist (Elf:1)
  A stone giant (Depths:2)
  A purple draconian (Zot:4)
  A deep elf knight (Elf:2)
  An orc knight (Vaults:5)
  A deep elf zephyrmancer (Elf:1)
  3 moths of wrath (Zot:3)
  2 tyrant leeches (Spider:3)
  2 saltlings (Desolation)
  2 slime creatures
  An orc warrior (Orc:1)
  A centaur (Orc:2)
  An orc wizard (D:5)
  An orc (D:7)
  19 foxfires
  A starspawn tentacle (Abyss:4)
42 creatures vanquished.

Grand Total: 2775 creatures vanquished

Notes
Turn   | Place    | Note
-------+----------+-------------------------------------------
     0 | D:1      | Charly the Mountain Dwarf Fighter began the quest for the
                  | Orb.
     0 | D:1      | Reached XP level 1. HP: 19/19 MP: 1/1
   249 | D:1      | Reached XP level 2. HP: 26/26 MP: 2/2
   946 | D:2      | Reached XP level 3. HP: 32/33 MP: 3/3
  1161 | D:2      | Reached skill level 4 in Fighting
  1423 | D:3      | Reached XP level 4. HP: 37/40 MP: 4/4
  1577 | D:3      | Reached skill level 5 in Axes
  1819 | D:3      | Identified the ring of Hoat {rC+ AC+4 Slay+2 Stlth+}
  1852 | D:3      | Found Wydd's Jewellery Emporium.
  2078 | D:3      | Reached XP level 5. HP: 47/47 MP: 5/5
  2238 | D:3      | Reached skill level 1 in Evocations
  2793 | D:4      | Reached XP level 6. HP: 55/55 MP: 6/6
  3101 | D:4      | Reached skill level 5 in Fighting
  3284 | D:5      | Entered Level 5 of the Dungeon
  3291 | D:5      | Identified the +3 falchion of Rihic {vamp, rN++}
  3758 | D:4      | Reached XP level 7. HP: 49/61 MP: 7/7
  4194 | D:5      | Upgraded the game from 0.32-a0-640-gc5db3fc80f to
                  | 0.32-a0-656-g3542139ebd
  4217 | D:5      | Identified the +0 leather armour of Precision Catastrophes
                  | {-Cast Fly rF- Str+5}
  4484 | D:5      | Reached skill level 6 in Fighting
  4607 | D:5      | Reached XP level 8. HP: 70/70 MP: 8/8
  4609 | D:5      | Found a basalt altar of Yredelemnul.
  4956 | D:5      | Noticed Menkaure
  4970 | D:5      | Killed Menkaure
  5054 | D:6      | Reached skill level 5 in Evocations
  5121 | D:6      | Found a staircase to the Ecumenical Temple.
  5130 | Temple   | Entered the Ecumenical Temple
  5138 | Temple   | Became a worshipper of Warmaster Okawaru
  5188 | D:6      | Reached skill level 7 in Fighting
  5188 | D:6      | Reached skill level 10 in Axes
  5235 | D:6      | Identified the +3 leather armour "Dilepat" {Will+}
  5261 | D:6      | You fall into a shaft and drop 1 floor!
  5500 | D:6      | Reached XP level 9. HP: 48/79 MP: 9/9
  6056 | D:7      | Found a glowing silver altar of Zin.
  6073 | D:7      | Noticed Dowan
  6073 | D:7      | Noticed Duvessa
  6124 | D:7      | Reached * piety under Okawaru
  6288 | D:7      | Found an ancient bone altar of Kikubaaqudgha.
  6424 | D:7      | Killed Duvessa
  6426 | D:7      | Reached skill level 8 in Fighting
  6437 | D:7      | Killed Dowan
  6507 | D:7      | Noticed Maggie
  6627 | D:7      | Killed Maggie
  6774 | D:7      | Noticed Pikel
  6785 | D:7      | Killed Pikel
  6785 | D:7      | Reached ** piety under Okawaru
  6815 | D:7      | Reached XP level 10. HP: 90/90 MP: 10/10
  7233 | D:8      | Found a stormy altar of Qazlal.
  7286 | D:8      | Identified the ring "Ysugap" {rCorr Str+3 Dex+3}
  7288 | D:8      | Reached skill level 1 in Invocations
  7578 | D:8      | Reached *** piety under Okawaru
  7651 | D:8      | Reached skill level 9 in Fighting
  7830 | D:8      | Noticed a two-headed ogre
  8071 | D:8      | Killed a two-headed ogre
  8290 | D:9      | Reached **** piety under Okawaru
  8674 | D:9      | Found Hyelimea's Weapon Shoppe.
  8879 | D:9      | Noticed a two-headed ogre
  8886 | D:9      | Killed a two-headed ogre
  8886 | D:9      | Reached ***** piety under Okawaru
  8898 | D:9      | Received a gift from Okawaru
  8899 | D:9      | Reached skill level 5 in Invocations
  9007 | D:9      | Reached XP level 11. HP: 99/99 MP: 14/14
  9321 | D:9      | Found a staircase to the Orcish Mines.
  9374 | D:10     | Entered Level 10 of the Dungeon
  9428 | D:10     | Found a flagged portal.
  9437 | Bailey   | Entered a bailey
  9637 | Bailey   | Reached skill level 10 in Fighting
  9748 | Bailey   | Noticed Prince Ribbit
  9787 | Bailey   | Killed Prince Ribbit
  9854 | Bailey   | Noticed a vault guard
  9863 | Bailey   | Killed a vault guard
  9904 | Bailey   | Noticed a vault guard
  9918 | Bailey   | Killed a vault guard
 10011 | D:10     | Noticed Urug
 10020 | D:10     | Reached skill level 15 in Axes
 10033 | D:10     | Killed Urug
 10248 | D:10     | Found a portal to a secret trove of treasure.
 10440 | D:10     | Noticed a two-headed ogre
 10440 | D:10     | Noticed a two-headed ogre
 10455 | D:10     | Killed a two-headed ogre
 10457 | D:10     | Killed a two-headed ogre
 11077 | D:11     | Found Gaomess's Distillery.
 11084 | D:11     | Identified a scroll of acquirement
 11085 | D:11     | Acquired the +0 helmet of Kimusok {rElec Will+ Str-3 Dex+6}
 11107 | D:11     | Bought a potion of invisibility for 112 gold pieces
 11107 | D:11     | Bought a potion of lignification for 42 gold pieces
 11137 | D:11     | Received a gift from Okawaru
 11152 | D:11     | Reached XP level 12. HP: 90/108 MP: 14/17
 11213 | D:11     | Reached skill level 11 in Fighting
 11213 | D:11     | Reached skill level 10 in Evocations
 11266 | D:11     | Found Keafoomm's Weapon Emporium.
 11314 | D:11     | Found a blossoming altar of Fedhas.
 11483 | D:11     | Found a staircase to the Lair.
 11719 | D:11     | Found Qoroot's Jewellery Shoppe.
 11723 | D:11     | Bought the amulet "Vifew" {Spirit +Blink rPois} for 674
                  | gold pieces
 12036 | D:11     | Found Laxel's Jewellery Shoppe.
 12188 | Lair:1   | Entered Level 1 of the Lair of Beasts
 12519 | Lair:1   | Received a gift from Okawaru
 12718 | Lair:1   | Noticed a six-headed hydra
 12733 | Lair:1   | Killed a six-headed hydra
 13729 | Lair:2   | Acquired 365 gold pieces
 13983 | Lair:2   | Found a hole to the Spider Nest.
 14065 | Lair:2   | Reached skill level 12 in Fighting
 14073 | Lair:2   | Reached skill level 10 in Invocations
 14076 | Lair:2   | Received a gift from Okawaru
 14077 | Lair:2   | Reached XP level 13. HP: 77/118 MP: 12/20
 14242 | Lair:2   | Received a gift from Okawaru
 14797 | Lair:2   | Found a staircase to the Swamp.
 14797 | Lair:2   | Noticed an eleionoma
 14818 | Lair:2   | Killed an eleionoma
 15779 | Lair:3   | Reached skill level 13 in Fighting
 15782 | Lair:3   | Noticed Nergalle
 15784 | Lair:3   | Received a gift from Okawaru
 15796 | Lair:3   | Killed Nergalle
 16268 | Lair:3   | Reached skill level 1 in Dodging
 17183 | Lair:4   | Received a gift from Okawaru
 17184 | Lair:4   | Reached XP level 14. HP: 103/129 MP: 17/23
 17186 | Lair:4   | Reached skill level 5 in Shields
 17370 | Lair:4   | Found a runed translucent gate.
 17370 | Lair:4   | Found a runed translucent gate.
 17370 | Lair:4   | Found a runed translucent gate.
 17372 | Lair:4   | Noticed Zenatt's ghost (journeyman TrFi)
 17502 | Lair:5   | Entered Level 5 of the Lair of Beasts
 17514 | Arena    | Entered the Arena
 17823 | Lair:5   | Found a viscous altar of Jiyva.
 17823 | Lair:5   | Found a staircase to the Slime Pits.
 18118 | Lair:5   | Received a gift from Okawaru
 18280 | Lair:5   | Reached skill level 5 in Armour
 18595 | Lair:5   | Reached skill level 14 in Fighting
 18695 | Lair:5   | Noticed Nessos
 18711 | Lair:5   | Killed Nessos
 19398 | Lair:5   | Received a gift from Okawaru
 20076 | D:12     | Reached XP level 15. HP: 139/139 MP: 22/25
 20977 | D:13     | Received a gift from Okawaru
 21372 | D:13     | Found a hide-covered altar of Uskayaw.
 22099 | D:13     | Found a gate to the Vaults.
 22109 | D:13     | Reached skill level 15 in Fighting
 22610 | D:14     | Received a gift from Okawaru
 23992 | D:15     | Entered Level 15 of the Dungeon
 24082 | D:15     | Found a staircase to the Depths.
 24897 | D:15     | Noticed Agnes
 24905 | D:15     | Killed Agnes
 24905 | D:15     | Received a gift from Okawaru
 24912 | D:15     | Noticed Josephine
 24929 | D:15     | Killed Josephine
 24930 | D:15     | Reached skill level 10 in Shields
 25039 | D:15     | Noticed Louise
 25489 | D:15     | Killed Louise
 25731 | Orc:1    | Entered Level 1 of the Orcish Mines
 25926 | Orc:2    | Entered Level 2 of the Orcish Mines
 26574 | Orc:1    | Reached XP level 16. HP: 137/151 MP: 24/26
 26574 | Orc:1    | Found Nutum's Magic Scroll Boutique.
 26623 | Orc:1    | Bought a scroll of fear for 56 gold pieces
 26623 | Orc:1    | Bought a scroll of teleportation for 42 gold pieces
 26623 | Orc:1    | Bought a scroll of fear for 56 gold pieces
 27068 | Orc:2    | Found Wicemp's Magic Scroll Boutique.
 27068 | Orc:2    | Found Giw Gei's Armour Emporium.
 27070 | Orc:2    | Found Qiocihio's Assorted Antiques.
 27072 | Orc:2    | Found Plog's Distillery.
 27084 | Orc:2    | Bought a potion of cancellation for 112 gold pieces
 27138 | Orc:1    | Noticed Erica
 27149 | Orc:1    | Killed Erica
 27441 | Orc:2    | Found a staircase to the Elven Halls.
 27523 | Orc:2    | Bought a scroll of acquirement for 1144 gold pieces
 27523 | Orc:2    | Acquired 572 gold pieces
 27525 | Orc:2    | Bought a wand of warping (7) for 369 gold pieces
 27527 | Orc:2    | Bought a +2 cloak for 231 gold pieces
 27541 | Orc:2    | Bought a potion of haste for 140 gold pieces
 27545 | Orc:2    | Bought a potion of cancellation for 112 gold pieces
 27545 | Orc:2    | Bought a potion of curing for 42 gold pieces
 27545 | Orc:2    | Bought a potion of curing for 42 gold pieces
 27545 | Orc:2    | Bought a potion of curing for 42 gold pieces
 27547 | Orc:2    | Bought a scroll of fog for 64 gold pieces
 27547 | Orc:2    | Bought a scroll of fear for 64 gold pieces
 27547 | Orc:2    | Bought a scroll of enchant weapon for 120 gold pieces
 27760 | Spider:1 | Entered Level 1 of the Spider Nest
 27765 | Spider:1 | Reached skill level 16 in Fighting
 27768 | Arena    | Entered the Arena
 28371 | Spider:1 | Reached skill level 5 in Dodging
 28759 | Spider:1 | Received a gift from Okawaru
 29344 | Spider:2 | Noticed Frances
 31340 | Spider:2 | Reached skill level 17 in Fighting
 31579 | Spider:2 | Received a gift from Okawaru
 31939 | Spider:2 | Killed Frances
 32670 | Spider:3 | Reached XP level 17. HP: 145/157 MP: 23/27
 32704 | Spider:3 | Identified the amulet "Qotygona" {RegenMP+ Int+4 SInv}
 32768 | Spider:3 | Noticed Bai Suzhen
 32786 | Spider:3 | Killed Bai Suzhen
 33196 | Spider:3 | Noticed Arachne
 33218 | Spider:3 | Killed Arachne
 34594 | Spider:4 | Entered Level 4 of the Spider Nest
 35078 | Spider:4 | Reached skill level 10 in Armour
 35386 | Spider:4 | Reached skill level 15 in Evocations
 35599 | Spider:4 | Reached skill level 18 in Fighting
 35708 | Spider:4 | Received a gift from Okawaru
 35860 | Spider:4 | Identified the +10 battleaxe of the Tundras {freeze, +Blink
                  | Int-2 SInv Stlth+}
 36446 | Spider:4 | Got a gossamer rune of Zot
 36893 | Swamp:1  | Entered Level 1 of the Swamp
 37184 | Swamp:1  | Identified the +2 quarterstaff of Paper {heavy, rC+ Str+4}
 37717 | Swamp:2  | Received a gift from Okawaru
 37861 | Swamp:2  | Reached XP level 18. HP: 161/173 MP: 26/28
 38041 | Swamp:2  | Identified the +0 kite shield "Acuon" {+Blink +Inv Fly
                  | Slay-4}
 38041 | Swamp:2  | Noticed Donald
 38052 | Swamp:2  | Killed Donald
 38298 | Swamp:3  | Received a gift from Okawaru
 38382 | Swamp:3  | Found a glacial archway.
 38388 | Swamp:3  | Identified the +6 triple sword of Qenwirgh {heavy, ^Drain
                  | rElec rN+ Str+4}
 38417 | IceCv    | Entered an ice cave
 38723 | IceCv    | Identified the amulet "Omucky" {Acrobat rC+}
 38737 | IceCv    | Got the Parchment of Frostbite
 38928 | IceCv    | Reached skill level 15 in Shields
 38936 | IceCv    | Reached skill level 19 in Fighting
 39093 | IceCv    | Found a viscous altar of Jiyva.
 39135 | IceCv    | Identified the amulet of Jieriniyk {Reflect ^Contam rF+
                  | rCorr SH+5}
 39353 | Swamp:3  | Identified the serpent talisman of Tomorrow {Fly rF+}
 39353 | Swamp:3  | Noticed Aizul
 39375 | Swamp:3  | Killed Aizul
 39891 | Swamp:4  | Entered Level 4 of the Swamp
 40360 | Swamp:4  | Received a gift from Okawaru
 40502 | Swamp:4  | Reached skill level 15 in Invocations
 41248 | Swamp:4  | Paralysed by a fenstrider witch for 2 turns
 41498 | Swamp:4  | Noticed a tentacled monstrosity
 41505 | Swamp:4  | Killed a tentacled monstrosity
 41603 | Swamp:4  | Got a decaying rune of Zot
 41645 | Swamp:4  | Reached XP level 19. HP: 162/184 MP: 30/30
 41731 | Swamp:4  | Found a runed translucent door.
 41766 | Swamp:4  | Noticed Jain's ghost (adept MiFi)
 42210 | D:3      | Bought the ring of Equivalence {rC+ Str+6 Dex+2} for 542
                  | gold pieces
 42464 | Vaults:1 | Entered Level 1 of the Vaults
 43040 | Vaults:1 | Noticed Saint Roka
 43042 | Arena    | Entered the Arena
 43062 | Arena    | Killed Saint Roka
 43088 | Vaults:1 | Noticed Zenata
 43109 | Vaults:1 | Killed Zenata
 43110 | Vaults:1 | Reached skill level 20 in Fighting
 44110 | Vaults:1 | Found Inaaggan's Weapon Emporium.
 44557 | Vaults:2 | Found a crumbling gateway.
 44561 | Desolati | Entered the Desolation of Salt
 44654 | Desolati | Identified the +0 robe of the Arcane {Regen+ Slay-4 Stlth+}
 44717 | Desolati | Got Jeqo's Precepts of Bolts and Amathomancy
 44769 | Desolati | Identified the ring of Ijuegeent {rF+ Str+6 Int+3 Stlth-}
 44781 | Desolati | Identified the +1 helmet of Lethargy {rElec Int+3 Stlth+}
 44891 | Desolati | Identified the ring "Neiradou" {rElec rPois rN+ MP-9 Dex+5}
 44986 | Desolati | Received a gift from Okawaru
 45060 | Desolati | Identified the +3 orcbow of Bedazzling Death {heavy, rPois
                  | rC- Dex+4}
 45091 | Desolati | Identified the amulet "Enuy" {-Tele ^Drain rElec Will+++
                  | Regen+}
 45113 | Desolati | Identified the ring "Zodet" {+Blink Will+ Dex+2}
 45411 | Desolati | Found the +1 cloak of Starlight {*Dazzle EV+4 Stlth--}
 45808 | Vaults:2 | Reached skill level 21 in Fighting
 45901 | Vaults:2 | Reached XP level 20. HP: 198/198 MP: 22/31
 46350 | Vaults:2 | Received a gift from Okawaru
 46866 | Vaults:3 | Identified the +1 pair of boots of Yremmod {rF+ Str-3 Int+3
                  | Stlth+}
 47380 | Vaults:3 | Received a gift from Okawaru
 47510 | Vaults:3 | Found a staircase to the Crypt.
 48087 | Vaults:3 | Received a gift from Okawaru
 48327 | Vaults:3 | Identified the +1 robe "Feveasew" {rElec Regen+}
 48369 | Vaults:3 | Reached skill level 22 in Fighting
 48686 | Vaults:4 | Identified the +3 robe of Qacyxeisk {Harm Fly rC++ Slay-3}
 48952 | Vaults:4 | Received a gift from Okawaru
 48995 | Vaults:4 | Reached XP level 21. HP: 63/207 MP: 18/32
 49942 | Vaults:4 | Reached skill level 10 in Dodging
 50044 | Vaults:4 | Found a glowing silver altar of Zin.
 50083 | Vaults:4 | Received a gift from Okawaru
 50493 | Elf:1    | Entered Level 1 of the Elven Halls
 51116 | Elf:1    | Found Xagavveb's Distillery.
 51127 | Elf:1    | Bought a potion of curing for 45 gold pieces
 51127 | Elf:1    | Bought a potion of cancellation for 120 gold pieces
 51127 | Elf:1    | Bought a potion of curing for 45 gold pieces
 51127 | Elf:1    | Bought a potion of resistance for 150 gold pieces
 51127 | Elf:1    | Bought a potion of heal wounds for 75 gold pieces
 51162 | Elf:1    | Found Yxoedesu's Armour Shop.
 51315 | Elf:1    | Identified the +6 rapier of Yckad {distort, Dex+2}
 51369 | Elf:1    | Found Conkagab's Distillery.
 51374 | Elf:1    | Bought a potion of heal wounds for 90 gold pieces
 51374 | Elf:1    | Bought 2 potions of heal wounds for 180 gold pieces
 51374 | Elf:1    | Bought a potion of curing for 54 gold pieces
 51374 | Elf:1    | Bought a potion of curing for 54 gold pieces
 51374 | Elf:1    | Bought a potion of curing for 54 gold pieces
 52025 | Elf:2    | Reached skill level 23 in Fighting
 52215 | Elf:2    | Found a runed translucent gate.
 52215 | Elf:2    | Found a runed translucent gate.
 52216 | Elf:2    | Found a runed translucent gate.
 52336 | Elf:2    | Received a gift from Okawaru
 52351 | Elf:2    | Reached ****** piety under Okawaru
 52372 | Elf:2    | Acquired a +3 vampiric broad axe
 52372 | Elf:2    | Received a gift from Okawaru
 52375 | Elf:2    | Acquired the +5 kite shield of Beyond {rF+}
 52375 | Elf:2    | Received a gift from Okawaru
 52566 | Elf:2    | Reached skill level 15 in Armour
 52756 | Elf:3    | Entered Level 3 of the Elven Halls
 52944 | Elf:3    | Paralysed by an air elemental for 1 turns
 52947 | Elf:3    | Paralysed by an air elemental for 1 turns
 52949 | Elf:3    | Paralysed by an air elemental for 1 turns
 52956 | Elf:3    | Paralysed by an air elemental for 1 turns
 52971 | Elf:3    | Paralysed by an air elemental for 1 turns
 52979 | Elf:3    | Paralysed by an air elemental for 1 turns
 53293 | Elf:3    | Found Qenkaebu's Magic Scroll Shoppe.
 53299 | Elf:3    | Bought a scroll of teleportation for 42 gold pieces
 53299 | Elf:3    | Bought a scroll of enchant armour for 105 gold pieces
 53299 | Elf:3    | Bought a scroll of brand weapon for 133 gold pieces
 53299 | Elf:3    | Bought a scroll of teleportation for 42 gold pieces
 53637 | Elf:3    | Identified the amulet "Rungepso" {Acrobat rF++ Int+4}
 53673 | Elf:3    | Identified the staff "Vifetz" {rF+ rCorr Str+3 Dex-5 Earth}
 53678 | Elf:3    | Paralysed by an air elemental for 1 turns
 53687 | Elf:3    | Paralysed by an air elemental for 1 turns
 53719 | Elf:3    | Reached XP level 22. HP: 220/220 MP: 24/33
 53847 | Elf:3    | Received a gift from Okawaru
 53919 | Elf:3    | Identified the +7 plate armour "Wimocsef" {Int+2}
 54388 | Elf:3    | Got the Cyclopedia of the Valley
 54393 | Elf:3    | Got the Book of Grey Fog
 54689 | Elf:3    | Found Qenkaebu's Magic Scroll Shoppe.
 55193 | Depths:1 | Entered Level 1 of the Depths
 55253 | Depths:1 | Noticed Asterion
 55279 | Depths:1 | Killed Asterion
 55313 | Depths:1 | Found a magical portal.
 55322 | WizLab   | Entered Cigotuvi's Fleshworks
 55432 | WizLab   | Gained mutation: You sometimes lose your temper in combat.
                  | [mutagenic glow]
 55443 | WizLab   | Gained mutation: Your body sometimes deteriorates upon
                  | taking damage. [mutagenic glow]
 55455 | WizLab   | Gained mutation: Your health recovers twice as slowly from
                  | being drained. [mutagenic glow]
 55630 | WizLab   | Reached skill level 24 in Fighting
 55750 | WizLab   | Received a gift from Okawaru
 55970 | WizLab   | Identified the ring of Jutz {Will+ Int+6}
 56073 | WizLab   | Identified the serpent talisman of the Past {rC+ Will+
                  | Dex+2}
 56170 | Depths:1 | Lost mutation: You sometimes lose your temper in combat.
                  | [potion of mutation]
 56170 | Depths:1 | Lost mutation: Your body sometimes deteriorates upon taking
                  | damage. [potion of mutation]
 56170 | Depths:1 | Lost mutation: Your health recovers twice as slowly from
                  | being drained. [potion of mutation]
 56170 | Depths:1 | Gained mutation: Your spells are a little harder to cast,
                  | but a little more powerful. [potion of mutation]
 56170 | Depths:1 | Lost mutation: Your spells are a little harder to cast, but
                  | a little more powerful. [potion of mutation]
 56184 | Depths:1 | Identified the +11 morningstar of Mastery {antimagic, Will+
                  | Str+2}
 56529 | Depths:1 | Found a gateway to Hell.
 56629 | Depths:1 | Received a gift from Okawaru
 56985 | Depths:1 | Found a one-way gate leading to the halls of Pandemonium.
 57551 | Depths:2 | Received a gift from Okawaru
 57676 | Depths:2 | Found a one-way gate to the infinite horrors of the Abyss.
 58133 | Depths:3 | Found Ruptar's Distillery.
 58133 | Depths:3 | Found Monipe's Distillery.
 58137 | Depths:3 | Found Hufreirgh's Magic Scroll Boutique.
 58141 | Depths:3 | Bought a potion of haste for 230 gold pieces
 58141 | Depths:3 | Bought a potion of invisibility for 184 gold pieces
 58143 | Depths:3 | Bought a potion of might for 92 gold pieces
 58143 | Depths:3 | Bought a potion of curing for 69 gold pieces
 58143 | Depths:3 | Bought a potion of invisibility for 184 gold pieces
 58143 | Depths:3 | Bought a potion of haste for 230 gold pieces
 58145 | Depths:3 | Bought a scroll of enchant weapon for 142 gold pieces
 58145 | Depths:3 | Bought a scroll of fear for 76 gold pieces
 58145 | Depths:3 | Bought a scroll of blinking for 142 gold pieces
 58145 | Depths:3 | Bought a scroll of teleportation for 57 gold pieces
 58145 | Depths:3 | Bought a scroll of brand weapon for 180 gold pieces
 58162 | Depths:3 | Reached XP level 23. HP: 232/232 MP: 25/34
 58194 | Depths:3 | Found a one-way gateway to a ziggurat.
 58640 | Depths:3 | Received a gift from Okawaru
 58824 | Depths:3 | Reached skill level 25 in Fighting
 59284 | Depths:4 | Entered Level 4 of the Depths
 59356 | Depths:4 | Received a gift from Okawaru
 59821 | Depths:4 | Received a gift from Okawaru
 59914 | Depths:4 | Found a gate to the Realm of Zot.
 60335 | Depths:4 | Noticed the Enchantress
 60353 | Abyss:4  | Cast into level 4 of the Abyss (the Enchantress)
 60379 | Depths:4 | Escaped the Abyss
 60385 | Depths:4 | Killed the Enchantress
 60904 | Lair:4   | Killed Zenatt's ghost
 61224 | Swamp:4  | Killed Jain's ghost
 61225 | Swamp:4  | Reached skill level 26 in Fighting
 61481 | D:10     | You paid a toll of +3 gold dragon scales to enter a
                  | treasure trove
 61482 | Trove    | Entered a treasure trove
 61493 | Trove    | Identified the +4 broad axe of the Shore {speed, Int+4}
 61507 | Trove    | Identified the scarf "Kaiz Isi" {+Inv, rElec rF+ Int+3
                  | Stlth+}
 61813 | Vaults:5 | Entered Level 5 of the Vaults
 61822 | Vaults:5 | Received a gift from Okawaru
 61841 | Vaults:5 | Noticed a dread lich
 61864 | Vaults:5 | Noticed an ancient lich
 61866 | Vaults:5 | Killed a dread lich
 61870 | Vaults:5 | Reached XP level 24. HP: 235/247 MP: 23/34
 61884 | Vaults:5 | Received a gift from Okawaru
 61931 | Vaults:5 | Killed an ancient lich
 62163 | Vaults:5 | Reached skill level 27 in Fighting
 62486 | Vaults:5 | Received a gift from Okawaru
 62532 | Vaults:5 | Identified the +6 hand axe "Rutrad" {protect, rPois rC++
                  | Int-4}
 63081 | Vaults:5 | Found Plog's Armour Boutique.
 63081 | Vaults:5 | Found the brooch of Shielding {Spirit SH+8}
 63142 | Vaults:5 | Identified the +0 robe of the Little Devil {rPois rN+ Will+
                  | Str+2}
 63191 | Vaults:5 | Identified the +7 spear of Precise Incision {protect, rC+
                  | Stlth+}
 63194 | Vaults:5 | Identified the +1 shortbow "Yloxkoh" {flame, +Blink rElec}
 63355 | Vaults:5 | Identified the +5 morningstar "Hot Ahoph" {protect, +Blink
                  | Stlth+}
 63615 | Vaults:5 | Got a silver rune of Zot
 63660 | Vaults:5 | Identified the +2 great mace "Yte Bukh" {flame, rN+}
 63712 | Vaults:5 | Identified the ring "Rident" {Wiz Int+4 Stlth+}
 64062 | Slime:1  | Entered Level 1 of the Pits of Slime
 64107 | Slime:1  | Received a gift from Okawaru
 64456 | Slime:5  | Entered Level 5 of the Pits of Slime
 64564 | Slime:5  | Received a gift from Okawaru
 64896 | Slime:5  | Gained mutation: Your spells are a little harder to cast,
                  | but a little more powerful. [a shining eye]
 64898 | Slime:5  | Gained mutation: You sometimes lose your temper in combat.
                  | [a shining eye]
 64907 | Slime:5  | Reached XP level 25. HP: 207/257 MP: 25/34
 65028 | Slime:5  | Paralysed by a formless jellyfish for 1 turns
 65052 | Slime:5  | Gained mutation: Your magical capacity is low. (-10% MP) [a
                  | shining eye]
 65119 | Slime:5  | Noticed the Royal Jelly
 65120 | Slime:5  | Found a viscous altar of Jiyva.
 65155 | Slime:5  | Killed the Royal Jelly
 65334 | Slime:5  | Found the +9 sword of Zonguldrok {reap}
 65342 | Slime:5  | Identified the +3 mace "Xoow" {heavy, *Slow ^Fragile rC+++
                  | Int+5}
 65352 | Slime:5  | Identified the ring of the Final Decision {rPois rC+ Str+6
                  | Int-3 Dex+4}
 65358 | Slime:5  | Got a slimy rune of Zot
 65360 | Slime:5  | Got the Compendium of the Profulgent Dragon
 65372 | Slime:5  | Identified the +0 scale mail of Qedghef {rN+}
 65375 | Slime:5  | Identified the +5 war axe of the Puffin {antimagic, Int+4
                  | Stlth-}
 65393 | Slime:5  | Acquired the +2 pair of gloves "Wulopn" {Str+3}
 65394 | Slime:5  | Acquired 885 gold pieces
 65395 | Slime:5  | Acquired 1120 gold pieces
 65425 | Slime:5  | Identified the staff "Tormentor" {Will+ Stlth+ Conj Fire}
 65723 | Slime:5  | Upgraded the game from 0.32-a0-656-g3542139ebd to
                  | 0.32-a0-665-g3d30ec2550
 66199 | Crypt:1  | Entered Level 1 of the Crypt
 66260 | Crypt:1  | Noticed a royal mummy
 66265 | Crypt:1  | Noticed a royal mummy
 66266 | Arena    | Entered the Arena
 66279 | Arena    | Killed a royal mummy
 66300 | Crypt:1  | Noticed Khufu
 66313 | Crypt:1  | Killed a royal mummy
 66318 | Crypt:1  | Killed Khufu
 66795 | Crypt:1  | Received a gift from Okawaru
 66798 | Crypt:1  | Lost mutation: Your magical capacity is low. (-10% MP)
                  | [potion of mutation]
 66798 | Crypt:1  | Lost mutation: Your spells are a little harder to cast, but
                  | a little more powerful. [potion of mutation]
 66798 | Crypt:1  | Gained mutation: You have large cloven feet. [potion of
                  | mutation]
 66798 | Crypt:1  | Gained mutation: You do not regenerate when monsters are
                  | visible. [potion of mutation]
 66799 | Crypt:1  | Lost mutation: You have large cloven feet. [potion of
                  | mutation]
 66799 | Crypt:1  | Lost mutation: You do not regenerate when monsters are
                  | visible. [potion of mutation]
 66799 | Crypt:1  | Lost mutation: You sometimes lose your temper in combat.
                  | [potion of mutation]
 66799 | Crypt:1  | Gained mutation: You are frail. (-10% HP) [potion of
                  | mutation]
 66799 | Crypt:1  | Gained mutation: You sometimes lose your temper in combat.
                  | [potion of mutation]
 66799 | Crypt:1  | Lost mutation: You are frail. (-10% HP) [potion of
                  | mutation]
 66799 | Crypt:1  | Gained mutation: You have a pair of small horns on your
                  | head. [potion of mutation]
 66800 | Crypt:1  | Lost mutation: You sometimes lose your temper in combat.
                  | [potion of mutation]
 66800 | Crypt:1  | Lost mutation: You have a pair of small horns on your head.
                  | [potion of mutation]
 66800 | Crypt:1  | Gained mutation: You are occasionally teleported next to
                  | monsters. [potion of mutation]
 66800 | Crypt:1  | Gained mutation: Your system is resistant to poisons.
                  | (rPois) [potion of mutation]
 66801 | Crypt:1  | Lost mutation: Your system is resistant to poisons. (rPois)
                  | [potion of mutation]
 66801 | Crypt:1  | Lost mutation: You are occasionally teleported next to
                  | monsters. [potion of mutation]
 66801 | Crypt:1  | Gained mutation: You have hidden genetic potential. [potion
                  | of mutation]
 66801 | Crypt:1  | Gained mutation: You are agile. (Dex +4, Str/Int -1)
                  | [potion of mutation]
 66801 | Crypt:1  | Gained mutation: Your muscles are strong. (Str +4, Int/Dex
                  | -1) [potion of mutation]
 66932 | Crypt:1  | Noticed Xtahua
 66949 | Crypt:1  | HP: 12/257 [??? (9)]
 67718 | Crypt:1  | Identified the serpent talisman of Duty {rC+}
 67735 | Crypt:1  | Reached skill level 15 in Dodging
 68729 | Crypt:2  | Noticed Gith's ghost (veteran MeFi)
 68733 | Crypt:2  | Found a runed translucent door.
 68796 | Crypt:2  | Killed Gith's ghost
 68893 | Crypt:2  | Reached XP level 26. HP: 266/266 MP: 25/34
 68980 | Crypt:2  | Received a gift from Okawaru
 69299 | Crypt:3  | Entered Level 3 of the Crypt
 69646 | Crypt:3  | Found an ancient bone altar of Kikubaaqudgha.
 69766 | Crypt:3  | Identified the staff "Giz Qock" {rElec rN++ Dex+5 Stlth-
                  | Air}
 70460 | Crypt:3  | Found a staircase to the Tomb.
 70460 | Crypt:3  | Noticed a royal mummy
 70474 | Crypt:3  | Killed a royal mummy
 70577 | Crypt:3  | Received a gift from Okawaru
 70932 | Crypt:1  | Killed Xtahua
 71296 | Zot:1    | Entered Level 1 of the Realm of Zot
 71669 | Zot:1    | Reached XP level 27. HP: 214/273 MP: 34/34
 71839 | Zot:1    | Received a gift from Okawaru
 72553 | Zot:1    | You fall into a shaft and drop 1 floor!
 72565 | Zot:2    | Gained mutation: You have a pair of small antennae on your
                  | head. [hidden potential]
 72566 | Zot:2    | Lost mutation: Your muscles are strong. (Str +4, Int/Dex
                  | -1) [potion of mutation]
 72566 | Zot:2    | Lost mutation: You have a pair of small antennae on your
                  | head. [potion of mutation]
 72566 | Zot:2    | Gained mutation: You have very sharp teeth. [potion of
                  | mutation]
 73459 | Zot:3    | Noticed Grunn
 73486 | Zot:3    | Killed Grunn
 73539 | Zot:3    | Identified the ring "Ebiexyebb" {rC+ rN+ Slay+6}
 73651 | Zot:3    | Received a gift from Okawaru
 74102 | Zot:3    | Noticed an ancient lich
 74145 | Zot:3    | Noticed Xorhejoo's ghost (master OnAl)
 74152 | Zot:3    | Found a transporter.
 74169 | Zot:3    | Identified the +6 chain mail of the Armadillo {rElec Regen+
                  | Slay-4 SInv}
 74184 | Zot:3    | Noticed Sofait's ghost (legendary GnFE)
 74308 | Zot:3    | Found a transporter.
 74638 | Zot:3    | Killed Sofait's ghost
 74646 | Zot:3    | Killed an ancient lich
 74657 | Zot:3    | Killed Xorhejoo's ghost
 74657 | Zot:3    | Received a gift from Okawaru
 75211 | Zot:4    | Received a gift from Okawaru
 75241 | Zot:4    | Noticed an orb of fire
 75251 | Zot:4    | Gained mutation: You occasionally shout uncontrollably at
                  | your foes. [an orb of fire]
 75270 | Zot:4    | Killed an orb of fire
 76104 | Zot:5    | Entered Level 5 of the Realm of Zot
 76681 | Zot:5    | Gained mutation: Your mind is acute. (Int +4, Str/Dex -1)
                  | [hidden potential]
 76681 | Zot:5    | Lost mutation: You have hidden genetic potential. [hidden
                  | potential expressed]
 76907 | Zot:5    | Received a gift from Okawaru
 76965 | Zot:5    | Noticed an ancient lich
 76977 | Zot:5    | Noticed a dread lich
 76980 | Zot:5    | Killed an ancient lich
 76994 | Zot:5    | Killed a dread lich
 77050 | Zot:5    | Noticed an ancient lich
 77074 | Zot:5    | Noticed an orb of fire
 77100 | Zot:5    | Killed an orb of fire
 77277 | Zot:5    | Identified the granite talisman of Zouzit {Str+3 Int+6
                  | Dex-4}
 77299 | Zot:5    | Killed an ancient lich
 77369 | Zot:5    | Received a gift from Okawaru
 77467 | Zot:5    | Noticed an orb of fire
 77469 | Zot:5    | Noticed an orb of fire
 77470 | Zot:5    | Noticed an orb of fire
 77471 | Zot:5    | Noticed a dread lich
 77480 | Zot:5    | Killed an orb of fire
 77486 | Zot:5    | Killed an orb of fire
 77501 | Zot:5    | Killed an orb of fire
 77505 | Zot:5    | Received a gift from Okawaru
 77523 | Zot:5    | Gained mutation: You frequently scream uncontrollably at
                  | your foes. [mutagenic glow]
 77544 | Zot:5    | Gained mutation: Your body sometimes deteriorates upon
                  | taking damage. [mutagenic glow]
 77552 | Zot:5    | Gained mutation: You occasionally lose the ability to drink
                  | potions when taking damage. [mutagenic glow]
 77674 | Zot:5    | Lost mutation: You have very sharp teeth. [potion of
                  | mutation]
 77674 | Zot:5    | Lost mutation: You are agile. (Dex +4, Str/Int -1) [potion
                  | of mutation]
 77674 | Zot:5    | Lost mutation: Your body sometimes deteriorates upon taking
                  | damage. [potion of mutation]
 77674 | Zot:5    | Gained mutation: You expend magic power (3 MP) to
                  | strengthen your wands. [potion of mutation]
 77674 | Zot:5    | Gained mutation: You are strong-willed. (Will+) [potion of
                  | mutation]
 77674 | Zot:5    | Gained mutation: You are weak. (Str -2) [potion of
                  | mutation]
 77675 | Zot:5    | Lost mutation: Your mind is acute. (Int +4, Str/Dex -1)
                  | [potion of mutation]
 77675 | Zot:5    | Lost mutation: You expend magic power (3 MP) to strengthen
                  | your wands. [potion of mutation]
 77675 | Zot:5    | Lost mutation: You are weak. (Str -2) [potion of mutation]
 77676 | Zot:5    | Lost mutation: You occasionally lose the ability to drink
                  | potions when taking damage. [potion of mutation]
 77676 | Zot:5    | Lost mutation: You are strong-willed. (Will+) [potion of
                  | mutation]
 77676 | Zot:5    | Gained mutation: You have a pair of small antennae on your
                  | head. [potion of mutation]
 77677 | Zot:5    | Lost mutation: You frequently scream uncontrollably at your
                  | foes. [potion of mutation]
 77677 | Zot:5    | Lost mutation: You occasionally shout uncontrollably at
                  | your foes. [potion of mutation]
 77677 | Zot:5    | Gained mutation: You sometimes lose your temper in combat.
                  | [potion of mutation]
 77678 | Zot:5    | Lost mutation: You have a pair of small antennae on your
                  | head. [potion of mutation]
 77678 | Zot:5    | Lost mutation: You sometimes lose your temper in combat.
                  | [potion of mutation]
 77678 | Zot:5    | Gained mutation: Armour fits poorly on your strangely
                  | shaped body. [potion of mutation]
 77678 | Zot:5    | Gained mutation: You are agile. (Dex +4, Str/Int -1)
                  | [potion of mutation]
 77678 | Zot:5    | Gained mutation: Your muscles are strong. (Str +4, Int/Dex
                  | -1) [potion of mutation]
 77684 | Zot:5    | Lost mutation: You are agile. (Dex +4, Str/Int -1) [potion
                  | of mutation]
 77684 | Zot:5    | Lost mutation: Armour fits poorly on your strangely shaped
                  | body. [potion of mutation]
 77684 | Zot:5    | Lost mutation: Your muscles are strong. (Str +4, Int/Dex
                  | -1) [potion of mutation]
 77684 | Zot:5    | Gained mutation: You have a pair of small horns on your
                  | head. [potion of mutation]
 77684 | Zot:5    | Gained mutation: You are weak. (Str -2) [potion of
                  | mutation]
 77684 | Zot:5    | Gained mutation: You sometimes lose your temper in combat.
                  | [potion of mutation]
 77684 | Zot:5    | Gained mutation: Your spells are a little harder to cast,
                  | but a little more powerful. [potion of mutation]
 77685 | Zot:5    | Lost mutation: You sometimes lose your temper in combat.
                  | [potion of mutation]
 77685 | Zot:5    | Lost mutation: You have a pair of small horns on your head.
                  | [potion of mutation]
 77685 | Zot:5    | Gained mutation: You are partially covered in large bone
                  | plates. (SH +4) [potion of mutation]
 77685 | Zot:5    | Gained mutation: You have sharp toenails. [potion of
                  | mutation]
 78058 | Zot:5    | Killed a dread lich
 78480 | Zot:5    | Got the Orb of Zot
 79156 | D:9      | Noticed a seraph
 79269 | D:4      | Noticed Iseirrar the pandemonium lord
 79294 | D:4      | Killed Iseirrar the pandemonium lord
 79327 | D:4      | Noticed Ilotsez the pandemonium lord
 79400 | D:$      | Escaped with the Orb!

Illustrated notes

Levels and vault maps discovered:
D:1:      nagdon_arrival_double_spiral, layout_basic
D:2:      layout_rooms, minmay_quantized
D:3:      layout_basic, serial_shops, shop
D:4:      layout_basic, abandoned_shop
D:5:      layout_rooms, lemuel_mausoleum_altar_yredelemnul, uniq_menkaure
D:6:      layout_cave_pools, minmay_temple_entry_drinking_statues, corexii_shack
D:7:      layout_cave_pools, regret_index_kikubaaqudgha_part_by_part,
          zin_academy, minmay_misc_feat_enclosed, uniq_duvessa, uniq_pikel,
          uniq_maggie
D:8:      kennysheep_ambush_hall, layout_rooms,
          nicolae_qazlal_general_emergency, small_statue_intersection
D:9:      layout_cave_pools, david_orc_4, serial_shops,
          nicolae_shop_bloodbath_and_beyond, minmay_quadrilaterals
D:10:     layout_roguey, enter_bailey_2, enter_trove_2,
          kennysheep_cross_bottleneck, uniq_urug
D:11:     layout_long_grid, dpeg_oklobed_lair, serial_shops, shop, shop,
          nicolae_shop_back_alley_shop, shop, fedhas_altar_2
D:12:     layout_long_grid
D:13:     layout_loops_corners, grunt_vaults_entry_tiered,
          nicolae_uskayaw_en_pointe
D:14:     layout_stronghold, chequers_big_river
D:15:     hangedman_depths_entry_civil_slaughter, layout_long_grid, uniq_louise,
          uniq_agnes, uniq_josephine
Temple:   eino_narrow_crystal_temple
Lair:1:   cheibrodos_lair_river_kwai, layout_long_grid, wad_woods_river_01
Lair:2:   layout_cave_pods, alex1729_swamp_entry_worm_eleionoma,
          spider_nest_entry_rubble, grunt_megastairs_2
Lair:3:   layout_chaotic_city, uniq_nergalle
Lair:4:   layout_roguey, gammafunk_ghost_hydra_chop, lemuel_fruit_tree,
          grunt_megastairs_5
Lair:5:   hangedman_lair_caniforms_friends, layout_gridlike,
          hangedman_lair_in_review, slime_entry_1, uniq_nessos
Swamp:1:  layout_basic_swamp, evilmike_swamp_ruin_house_2
Swamp:2:  layout_basic_swamp, evilmike_swamp_ruin_house_6, uniq_donald
Swamp:3:  layout_falls_marsh, portal_ice_cave_entry_ugly_swarm,
          evilmike_swamp_ruin_house_3, infiniplex_staircase_pool_2, uniq_aizul
Swamp:4:  nzn_swamp_witches_coven, layout_basic_swamp, gammafunk_ghost_grave
Spider:1: layout_spider_delve
Spider:2: nicolae_spider_hilbert_zone_3 [nicolae_spider_hilbert_4_sides_2_open,
          nicolae_spider_hilbert_3_sides_1_open,
          nicolae_spider_hilbert_3_sides_1_open,
          nicolae_spider_hilbert_3_sides_1_open,
          nicolae_spider_hilbert_3_sides_1_open,
          nicolae_spider_hilbert_4_sides_1_open,
          nicolae_spider_hilbert_4_sides_1_open,
          nicolae_spider_hilbert_4_sides_1_open,
          nicolae_spider_hilbert_4_sides_1_open,
          nicolae_spider_hilbert_4_sides_1_open,
          nicolae_spider_hilbert_4_sides_1_open,
          nicolae_spider_hilbert_4_sides_1_open,
          nicolae_spider_hilbert_4_sides_1_open,
          nicolae_spider_hilbert_3_sides_1_open,
          nicolae_spider_hilbert_3_sides_1_open,
          nicolae_spider_hilbert_3_sides_1_open,
          nicolae_spider_hilbert_3_sides_1_open], beargit_elvish_explorers,
          uniq_frances
Spider:3: layout_chambers, nicolae_spider_swamp_cousins, uniq_arachne,
          uniq_bai_suzhen
Spider:4: grunt_spider_rune_island, hangedman_spider_tarantella_strand
Slime:1:  layout_caves, nicolae_slime_ancient_tower_intersection
Slime:2:  layout_caves
Slime:3:  nicolae_slime_spelunking
Slime:4:  cheibrodos_slime_lost_civilization_9, layout_caves
Slime:5:  slime_pit_nicolae_royal_road_to_ruin
Orc:1:    layout_caves, serial_shops, shop_scrolls, uniq_erica
Orc:2:    st_orc_rangers, layout_caves
Elf:1:    nicolae_elf_arrival_fired_up, layout_onion_city, serial_shops, shop,
          shop, nicolae_shop_mannequins, nicolae_elf_blasts_and_bolts,
          minivault_25, nicolae_elf_w_pinch, lemuel_flamethrower_3
Elf:2:    elven_hall_of_blades_hangedman_original
          [nicolae_blade_entry_sentries_behind_glass], layout_geoelf_octagon
Elf:3:    elf_hall, layout_geoelf_diagonals, serial_shops, shop
Vaults:1: nicolae_vaults_network_periphery, v_alt_pattern_1,
          nicolae_vaults_network_barrier,
          nicolae_vaults_taking_the_gang_shopping, nicolae_vaults_asterisk,
          nicolae_vaults_quadrants, nicolae_vaults_trapezoid_lopsided_4,
          nicolae_vaults_shelves_hall, layout_vaults_omnigrid, uniq_zenata,
          uniq_saint_roka
Vaults:2: portal_desolation_entry_nicolae_forbidding_blocks,
          ontoclasm_vaults_shuriken, nicolae_vaults_trapezoid_1,
          nicolae_vaults_trapezoid_lopsided_1, nicolae_vaults_little_squares_2,
          hangedman_vaults_hat, nicolae_vaults_apartment_1,
          nicolae_vaults_stand_back, vaults_dpeg_emergency_exit,
          layout_vaults_omnicross
Vaults:3: vaults_mumra_lcd, nicolae_vaults_corridor_and_loot_room,
          vaults_room_stairs_pillars, nicolae_vaults_door_testing_chamber,
          nicolae_vaults_cochlea, grunt_vaults_funnel, vaults_mumra_hexcomb,
          vaults_room_stairs_pillars, grunt_vaults_diagonal, v_misc_17,
          ontoclasm_vaults_gateway, nicolae_vaults_storage_closets_3, v_misc_18,
          nicolae_vaults_apartment_2, nicolae_vaults_sealed_display,
          layout_vaults_maze_bifur
Vaults:4: nicolae_vaults_double_plus_1, vaults_room_large_hall,
          hangedman_vaults_stream, st_quartered_hall,
          nicolae_vaults_lightning_bolt, vaults_room_corners,
          nicolae_vaults_storage_closets_1, vaults_standard_mumra_x,
          nicolae_vaults_border_crossing, nicolae_vaults_closet_pinwheel_1,
          lemuel_angel_altar, nicolae_vaults_tetromino_L_1,
          nicolae_vaults_diamond_1, layout_vaults_ring
Vaults:5
Crypt:1:  layout_regular_city, grunt_crypt_arrival_guarded_gate, uniq_xtahua,
          uniq_khufu
Crypt:2:  layout_catacombs, hellmonk_ghost_happy_afterlife,
          roderic_lattice_octagonal_star
Crypt:3:  grunt_crypt_end_deaths_head
Depths:1: layout_honeycomb, kennysheep_decorative_pillar,
          rand_demon_pan_entry_9, mu_enter_wizlab_5,
          hangedman_tar_grid_catacomb, hangedman_decor_push,
          serial_bayou_ford_a, minmay_statues_item, item_on_display_a,
          uniq_asterion
Depths:2: minmay_blocking_statues, layout_cave_pools, rand_demon_pan_entry_4,
          hangedman_coc_ice_floe, abyss_entry, infiniplex_staircase_trident
Depths:3: kennysheep_windowed_halls, layout_long_grid, enter_ziggurat_b,
          grunt_metal_band, abyss_entry_small_statue_room,
          hangedman_decor_slide_cut, serial_bayou_shore_b,
          infiniplex_staircase_zigzag_3, minmay_shop_star
Depths:4: grunt_bruiser_brothers, layout_gridlike, rand_demon_pan_entry_8,
          corexii_hall_statues_u, hell_entry, st_stairs_8, serial_bayou_shore_b,
          uniq_enchantress
Zot:1:    regret_index_zot_pan_timeshare, layout_gridlike
Zot:2:    layout_misc_corridors, regret_index_zotdec_serpentine_scales,
          regret_index_zotdec_barnacled_simple
Zot:3:    layout_gridlike, nzn_ghost_randoct, hangedman_zot_decor_tridents,
          grunt_ministairs_7, st_small_dragon_hoard_5, uniq_grunn
Zot:4:    lemuel_firehouse, layout_concentric_octagons,
          regret_index_zotdec_fiery_em
Zot:5:    layout_gridlike

Skill      XL: |  1  2  3  4  5  6  7  8  9 10 11 12 13 14 15 16 17 18 19 20 21 22 23 24 25 26 27 |
---------------+----------------------------------------------------------------------------------+-----
Axes           | 3 4 5 6 7 8 10 12 14 15 17 18 19 20 22 | 22.0
Fighting       | 4 5 6 7 8 9 10 12 13 14 15 17 18 19 21 22 23 24 26 27 | 27.0
Evocations     | 1 2 4 5 7 8 9 11 12 13 14 15 21 | 21.1
Invocations    | 5 7 10 12 14 15 | 15.0
Shields        | 4 7 10 12 14 16 17 19 20 22 | 22.0
Dodging        | 1 3 4 5 7 8 9 10 11 12 14 15 16 20 | 20.1
Armour         | 4 6 7 9 10 11 13 14 15 16 17 20 21 22 | 22.0

Action                     |  1- 3 |  4- 6 |  7- 9 | 10-12 | 13-15 | 16-18 | 19-21 | 22-24 | 25-27 || total
---------------------------+-------+-------+-------+-------+-------+-------+-------+-------+-------++-------
  Melee: War axe           |   101 |   138 |   307 |   295 |       |       |       |       |       ||   841
         Broad axe         |       |       |       |   375 |  1262 |  1736 |  1740 |  2298 |  2590 || 10001
         Bite              |       |       |       |       |       |       |       |       |   266 ||   266
  Throw: Dart              |       |       |       |     6 |    26 |     5 |     3 |       |       ||    40
         Javelin           |       |       |       |       |       |     1 |       |       |       ||     1
 Invoke: Heroism           |       |       |     2 |    10 |    21 |    29 |    18 |     9 |    23 ||   112
         Duel              |       |       |       |       |     1 |     1 |     1 |       |     1 ||     4
         Finesse           |       |       |       |       |     3 |     6 |     5 |     2 |    13 ||    29
         Receive Weapon    |       |       |       |       |       |       |     1 |       |       ||     1
         Receive Armour    |       |       |       |       |       |       |     1 |       |       ||     1
Ability: Evoke Blink       |       |       |       |       |     2 |     1 |       |       |       ||     3
  Evoke: Wand              |       |     1 |    17 |    20 |    30 |    61 |    10 |     3 |     4 ||   146
         Lightning rod     |       |       |       |       |       |       |       |     1 |       ||     1
         Phial of floods   |       |       |       |       |       |       |       |     1 |       ||     1
    Use: Potion            |     1 |       |       |       |       |     3 |       |     3 |    25 ||    32
         Scroll            |     2 |     5 |     5 |    14 |    10 |     7 |    10 |    10 |    18 ||    81
   Stab: Sleeping          |       |       |     3 |     1 |       |       |       |       |       ||     4
         Invisible         |       |       |       |       |     6 |    13 |    30 |    32 |    41 ||   122
         Distracted        |       |       |       |       |     1 |       |       |       |       ||     1
         Petrified         |       |       |       |       |     2 |       |       |       |       ||     2
         Petrifying        |       |       |       |       |     1 |       |       |       |       ||     1
         Paralysed         |       |       |       |       |       |     3 |       |       |       ||     3
 Armour: Scale mail        |    43 |       |       |       |       |       |       |       |       ||    43
         Plate armour      |    44 |   139 |   177 |   323 |  1027 |   689 |       |       |       ||  2399
         Leather armour    |       |       |   101 |    72 |       |       |       |       |       ||   173
         Chain mail        |       |       |       |     7 |       |       |       |       |       ||     7
         Storm dragon scal |       |       |       |       |       |   553 |   515 |   977 |   833 ||  2878
         Skin              |       |       |       |       |       |     3 |       |       |    17 ||    20
  Dodge: Dodged            |    37 |    36 |    96 |   130 |   455 |   600 |   368 |   725 |   911 ||  3358
  Block: Buckler           |    14 |    26 |    57 |    99 |   355 |   224 |       |       |       ||   775
         Tower shield      |       |       |       |       |       |  1223 |  1710 |       |       ||  2933
         Reflection        |       |       |       |       |       |    10 |   114 |    39 |    36 ||   199
         Kite shield       |       |       |       |       |       |       |   159 |  2181 |  2248 ||  4588

Table legend: (Time is in decaauts)
 A = Elapsed time spent in this place.
 B = Non-inter-level travel time spent in this place.
 C = Inter-level travel time spent in this place.
 D = Time resting spent in this place.
 E = Time spent auto-exploring this place.
 F = Levels seen in this place.
 G = Mean time per level.
                   A        B        C        D        E       F      G
               +--------+--------+--------+--------+--------+-----+--------+
         Total |  76700 |  70528 |   6172 |   2189 |  52550 |  66 | 1162.1 |
       Dungeon |  19359 |  16951 |   2408 |    960 |  12796 |  15 | 1290.6 |
        Temple |     16 |      9 |      7 |      0 |      0 |   1 |   16.0 |
          Lair |   8664 |   7669 |    995 |     23 |   6279 |   5 | 1732.8 |
         Swamp |   4526 |   4193 |    333 |    223 |   2910 |   4 | 1131.5 |
   Spider Nest |   8513 |   8323 |    190 |     63 |   6782 |   4 | 2128.2 |
    Slime Pits |   1752 |   1585 |    167 |     61 |   1011 |   5 |  350.4 |
  Orcish Mines |   1856 |   1701 |    155 |    240 |   1130 |   2 |  928.0 |
   Elven Halls |   4332 |   4059 |    273 |    169 |   2828 |   3 | 1444.0 |
        Vaults |   8458 |   7767 |    691 |    145 |   5929 |   5 | 1691.6 |
         Crypt |   4365 |   4288 |     77 |      4 |   3384 |   3 | 1455.0 |
        Depths |   4666 |   4197 |    469 |      9 |   2961 |   4 | 1166.5 |
           Zot |   6718 |   6315 |    403 |    146 |   4594 |   5 | 1343.6 |
         Abyss |     24 |     24 |      0 |      0 |     11 |   1 |   24.0 |
         Trove |     79 |     79 |      0 |      0 |     11 |   1 |   79.0 |
        Bailey |    502 |    502 |      0 |      4 |    317 |   1 |  502.0 |
      Ice Cave |    873 |    873 |      0 |     26 |    606 |   1 |  873.0 |
        Wizlab |    814 |    814 |      0 |     76 |    316 |   1 |  814.0 |
    Desolation |   1092 |   1092 |      0 |      0 |    682 |   1 | 1092.0 |
         Arena |     82 |     82 |      0 |     37 |      0 |   4 |   20.5 |
               +--------+--------+--------+--------+--------+-----+--------+

Top non-repeatable levels by time:
Spider:2: 3357 daAuts
  Lair:2: 2399 daAuts
  Lair:5: 2336 daAuts
Spider:3: 2321 daAuts
   Zot:5: 2178 daAuts
   Elf:3: 2081 daAuts
 Crypt:1: 1969 daAuts
    D:13: 1922 daAuts
Vaults:3: 1913 daAuts
Vaults:1: 1912 daAuts
Spider:4: 1897 daAuts
 Swamp:4: 1838 daAuts
Vaults:5: 1756 daAuts
  Lair:1: 1706 daAuts
    D:14: 1703 daAuts
